Map: Eternal Empire LE

Players

antagomiR - Winner!

  • Race: Protoss Protoss
  • League: Gold
  • Spawn Location: 1:00

Ginonino

  • Race: Terran Terran
  • Spawn Location: 7:00

VOD

Have the link to the VOD?

Description

Time

  • Played on: April 6, 2020, 1:04 a.m.
  • Length: 15:13
Show
View Real Time Build Order
Export as new Build Order

antagomiR Protoss - Winner!

Build Orders: 1 Gate Expand, Blink Stalkers 

Get SALT Encoding   

  12  0:01  Probe  
  13  0:13  Probe  
  14  0:18  Pylon  
  14  0:25  Probe  
  15  0:38  Probe  
  15  0:40  Gateway  
  16  0:50  Probe  
  16  0:52  Assimilator  
  17  1:02  Probe  
  18  1:14  Probe  
  19  1:28  Nexus  
  19  1:29  Probe  
  20  1:46  Cybernetics Core  
  20  1:48  Probe  
  21  1:56  Pylon  
  21  2:02  Probe  
  22  2:14  Probe  
  23  2:22  Adept  
  25  2:23  Warp Gate (Chrono Boost)  
  25  2:26  Probe  
  26  2:37  Pylon  
  26  2:39  Probe  
  26  2:40  Probe  
  28  2:50  Assimilator  
  28  2:51  Probe  
  29  2:52  Probe  
  29  2:53  Stalker  
  32  3:03  Probe  
  32  3:04  Probe  
  34  3:10  Twilight Council  
  34  3:15  Probe  
  34  3:16  Probe  
  36  3:27  Probe  
  36  3:28  Probe, Stalker  
  39  3:39  Probe  
  39  3:40  Probe  
  41  3:43  Blink (Chrono Boost)  
  41  3:51  Probe  
  41  3:54  Pylon  
  42  3:58  Stalker  
  44  4:07  Gateway  
  44  4:10  Gateway  
  44  4:28  Probe x2  
  44  4:40  Probe x2  
  46  4:51  Robotics Facility  
  46  4:53  Probe x2  
  46  4:57  Stalker  
  50  5:02  Shield Battery  
  50  5:06  Shield Battery  
  51  5:07  Probe x2  
  51  5:09  Assimilator  
  52  5:17  Stalker x2  
  52  5:19  Probe  
  57  5:25  Probe  
  58  5:31  Probe  
  59  5:36  Forge  
  59  5:38  Probe  
  59  5:40  Observer  
  59  5:42  Forge  
  61  5:43  Probe  
  62  5:56  Pylon  
  62  6:02  Pylon  
  62  6:12  Nexus  
  62  6:14  Probe x2, Pylon, Observer  
  62  6:15  Pylon  
  65  6:19  Stalker  
  65  6:21  Sentry x2  
  71  6:26  Protoss Ground Weapons Level 1 (Chrono Boost)  
  71  6:27  Probe x2, Protoss Ground Armor Level 1 (Chrono Boost)  
  73  6:36  Pylon  
  73  6:39  Probe  
  74  6:48  Robotics Bay  
  74  6:53  Probe x2  
  76  6:59  Assimilator  
  76  7:05  Probe  
  76  7:07  Stalker x2  
  76  7:08  Stalker  
  83  7:11  Probe  
  84  7:17  Probe  
  85  7:23  Assimilator  
  85  7:24  Assimilator  
  85  7:26  Probe x2  
  85  7:29  Probe  
  88  7:30  Shield Battery x2  
  88  7:38  Probe x2  
  88  7:39  Sentry x3  
  96  7:48  Colossus (Chrono Boost)  
  96  7:58  Extended Thermal Lance  
  102  8:07  Probe x3  
  102  8:11  Stalker x2  
  102  8:12  Stalker  
  111  8:18  Gateway  
  111  8:25  Protoss Ground Weapons Level 2 (Chrono Boost)  
  111  8:26  Protoss Ground Armor Level 2 (Chrono Boost), Gateway  
  111  8:27  Gateway  
  111  8:29  Gateway  
  111  8:34  Pylon  
  111  8:36  Stalker  
  111  8:37  Stalker, Pylon  
  111  8:41  Probe x2, Pylon  
  115  8:43  Gateway  
  117  8:52  Probe  
  117  8:53  Probe x2  
  120  9:04  Probe  
  120  9:05  Probe  
  122  9:12  Nexus  
  122  9:15  Pylon, Colossus (Chrono Boost)  
  128  9:17  Pylon  
  128  9:25  Stalker x3  
  128  9:26  Stalker  
  128  9:27  Stalker  
  128  9:29  Stalker  
  140  9:41  Pylon x2  
  140  9:42  Pylon  
  140  9:44  Shield Battery  
  140  9:46  Shield Battery  
  140  9:53  Stargate  
  140  9:56  Stargate  
  140  10:06  Colossus (Chrono Boost)  
  146  10:13  Stalker x4  
  154  10:14  Stalker x3  
  154  10:16  Stalker  
  162  10:47  Pylon  
  162  10:49  Pylon  
  162  10:52  Colossus  
  168  11:02  Assimilator x2  
  161  11:29  Phoenix  
  163  11:34  Phoenix  
  165  11:46  Stalker x4, Disruptor  
  165  11:47  Stalker  
  178  11:54  Phoenix  
  180  12:21  Disruptor  
  183  12:31  Stalker  
  183  12:32  Stalker x4  
  193  12:57  Disruptor  
  196  13:11  Pylon  
  196  13:16  Pylon  
  196  13:33  Disruptor  
Show
View Real Time Build Order
Export as new Build Order

Ginonino Terran 

Build Orders:  

Get SALT Encoding   

  12  0:01  SCV  
  13  0:19  SCV, Supply Depot  
  14  0:31  SCV  
  15  0:43  SCV  
  15  0:44  Barracks  
  16  0:52  Refinery  
  16  0:55  SCV  
  17  1:07  SCV  
  18  1:19  SCV  
  19  1:31  SCV  
  20  1:43  SCV, Supply Depot  
  21  2:09  Orbital Command  
  21  2:13  Refinery  
  21  2:25  Barracks Reactor  
  21  2:26  Command Center  
  21  2:45  SCV  
  22  2:57  SCV  
  23  3:01  Marine x2  
  25  3:08  Factory  
  26  3:12  SCV  
  26  3:19  Supply Depot  
  26  3:25  SCV  
  27  3:36  Marine  
  27  3:37  Marine  
  29  3:49  Orbital Command  
  29  3:52  SCV  
  30  3:57  Factory Tech Lab  
  30  4:01  Barracks  
  30  4:04  SCV  
  30  4:07  Starport  
  31  4:16  SCV  
  32  4:28  SCV  
  32  4:36  Barracks  
  32  4:40  SCV  
  32  4:44  SCV  
  34  4:50  Refinery  
  34  4:52  SCV  
  35  4:53  Barracks Tech Lab  
  35  4:56  SCV  
  35  4:58  Starport  
  35  4:59  Starport Tech Lab  
  36  5:04  SCV  
  37  5:08  SCV  
  37  5:11  Marine x3  
  41  5:16  SCV  
  41  5:21  Medivac  
  44  5:29  Marine x2  
  44  5:30  Marauder  
  44  5:34  Fusion Core  
  48  5:37  Combat Shield  
  48  5:39  Starport Tech Lab  
  48  5:51  Medivac, Marauder  
  48  5:52  SCV x2  
  48  5:54  Refinery  
  54  6:12  Supply Depot  
  54  6:29  Supply Depot  
  54  6:34  SCV x2, Medivac, Marauder  
  54  6:36  Supply Depot, Rapid Reignition System  
  60  6:54  Supply Depot  
  60  6:56  Engineering Bay  
  60  7:00  Supply Depot  
  60  7:04  Medivac  
  60  7:07  Siege Tank  
  65  7:12  Command Center  
  65  7:17  Marine x3  
  65  7:18  Supply Depot  
  68  7:25  Supply Depot, Stimpack  
  68  7:35  Marine x3  
  71  7:39  Siege Tank  
  71  7:43  Supply Depot  
  74  7:47  Refinery  
  74  7:48  SCV x2, Supply Depot  
  76  7:53  Marine x3  
  76  7:55  Refinery  
  79  8:00  SCV x2  
  81  8:11  Marauder, Marine x2  
  81  8:12  SCV, Siege Tank  
  88  8:15  Supply Depot  
  89  8:22  Supply Depot  
  89  8:28  Orbital Command  
  89  8:33  Marauder  
  91  8:38  Supply Depot  
  91  8:41  Sensor Tower  
  91  8:45  SCV x2, Supply Depot  
  93  8:54  Liberator x2  
  99  8:57  SCV x2  
  99  9:01  Supply Depot  
  101  9:05  Concussive Shells  
  101  9:08  Supply Depot  
  101  9:09  SCV x2  
  103  9:11  Missile Turret  
  103  9:14  Siege Tank  
  106  9:19  Marine x2  
  108  9:24  Supply Depot  
  108  9:27  Terran Infantry Weapons Level 1  
  108  9:30  Armory  
  108  9:31  Supply Depot  
  108  9:33  Missile Turret  
  108  9:37  Marine x2, Liberator x2  
  116  9:47  Supply Depot, Widow Mine  
  118  9:55  Missile Turret, Marine x2  
  120  10:08  Widow Mine  
  122  10:16  Missile Turret  
  122  10:20  Viking x2, Engineering Bay  
  126  10:30  Command Center, Widow Mine  
  128  10:35  Starport  
  128  10:50  Viking x2  
  128  10:51  Widow Mine  
  114  11:19  Medivac  
  114  11:20  Medivac  
  118  11:48  Terran Infantry Weapons Level 2  
  118  11:50  Terran Infantry Armor Level 1  
  118  11:55  Command Center  
  118  12:15  Barracks Reactor  
  118  12:16  Marine x3  
  121  12:28  Unknown  
  121  12:30  Viking x2  
  121  12:34  Marine x3  
  128  12:48  Missile Turret  
  128  12:52  Marine x3  
  131  13:09  Marine x2  
  131  13:10  Marauder, Ghost Academy  
  135  13:13  Starport Tech Lab  
  135  13:16  Sensor Tower  
  135  13:24  Siege Tank  
  137  13:32  Marauder  
  139  13:41  Sensor Tower  
  117  13:56  Siege Tank  
  95  14:06  Marine x4  
  95  14:07  Marine  
  71  14:24  Marine x4  
  67  14:25  Marauder  
  67  14:30  Medivac x3  
  55  14:42  Marine x4  
  45  14:46  Marauder  
Tags
 
Composition
Blink Stalkers
League
Gold
Matchup
PvT
Replay Pack
20200422
Spawn Locations
Cross Positions
Add a new tag
Caveats
  • Supply blocks, unpowered buildings, or Contaminate may cause inaccurate times.
  • Supply counts are checked every 10 seconds.